 Dungeon Crawl Stone Soup version 0.18-a0-1078-gebb93d0 (webtiles) character file.

195 tehphobia the Magician (level 5, 0/28 HPs)
             Began as a Deep Elf Wizard on Jan 15, 2016.
             Was a Follower of Vehumet.
             Killed from afar by tehphobia's ghost (11 damage)
             ... with a magic dart
             ... on level 3 of the Dungeon.
             The game lasted 00:09:43 (2636 turns).

tehphobia the Magician (Deep Elf Wizard)            Turns: 2636, Time: 00:09:43

Health: 0/28       AC:  2    Str:  4    XL:     5   Next: 45%
Magic:  10/15      EV: 13    Int: 29    God:    Vehumet [*.....]
Gold:   105        SH:  0    Dex: 13    Spells: 2 memorised, 14 levels left

rFire  . . .     SeeInvis .     u - +3 short sword (venom)
rCold  . . .     Gourm    .     a - +0 robe
rNeg   . . .     Faith    .     (no shield)
rPois  .         Spirit   .     b - +0 hat
rElec  .         Dismiss  .     (no cloak)
rCorr  .         Reflect  .     (no gloves)
SustAt .         Harm     .     (no boots)
MR     .....                    (no amulet)
Stlth  ++........               x - +5 ring of intelligence
                                C - ring of wizardry

@: not resistant to hostile enchantments, unstealthy
A: no striking features
a: Renounce Religion


You were on level 3 of the Dungeon.
You worshipped Vehumet.
Vehumet was aware of your devotion.
You were not hungry.

You visited 1 branch of the dungeon, and saw 3 of its levels.

You collected 105 gold pieces.

Inventory:

Hand Weapons
 t - a +0 hunting sling
 u - a +3 short sword of venom (weapon)
Missiles
 s - 17 sling bullets of frost (quivered)
Armour
 a - a +0 robe (worn)
 b - a +0 hat (worn)
Jewellery
 p - an uncursed ring of protection from fire
 x - a +5 ring of intelligence (right hand)
 B - a +4 ring of protection
 C - a ring of wizardry (left hand)
Wands
 w - a wand of slowing (24/48)
Scrolls
 e - 4 scrolls of teleportation {unknown}
 f - 8 scrolls of identify {unknown}
 l - a scroll of enchant armour {unknown}
 n - 2 scrolls of immolation {unknown}
 q - a scroll of blinking {unknown}
 v - a scroll of noise {unknown}
 y - a scroll of amnesia {unknown}
Potions
 g - 2 potions of curing
 h - 2 potions of brilliance {unknown}
 i - 2 potions of cancellation {unknown}
 j - a potion of mutation {unknown}
 k - a potion of magic {unknown}
 m - a potion of cure mutation {unknown}
 D - a potion of berserk rage {unknown}
Books
 c - a book of Minor Magic

   Spells                             Type                      Level
   a - Magic Dart                     Conjuration                  1
   b - Blink                          Translocation                2
   c - Call Imp                       Summoning                    2
   d - Repel Missiles                 Charms/Air                   2
   e - Slow                           Hexes                        2
   f - Conjure Flame                  Conjuration/Fire             3
   g - Mephitic Cloud                 Conjuration/Poison/Air       3
Comestibles
 d - 2 bread rations
 o - 2 fruits
 r - 2 meat rations
 z - a beef jerky
 A - 2 royal jellies


   Skills:
 + Level 2.0 Short Blades
 + Level 3.9 Dodging
 - Level 2.4 Stealth
 - Level 6.0 Spellcasting
 - Level 3.1 Conjurations
   Level 1.1 Summonings
   Level 1.1 Translocations


You had 14 spell levels left.
You knew the following spells:

 Your Spells              Type           Power        Failure   Level  Hunger
a - Magic Dart            Conj           ####         1%          1    None
b - Sandblast             Erth           #.....       2%          1    None


Dungeon Overview and Level Annotations

Branches:
Dungeon (3/15)

Altars:
Ashenzari
Trog
Vehumet
Yredelemnul
The Shining One

Annotations:
D:3 tehphobia's ghost, amateur DEWz


Message History

Confirm with . or Enter, or press ? or * to list all spells.
Aiming: Magic Dart
Press: ? - help, Shift-Dir - straight line, f/p - tehphobia's ghost
Aim: tehphobia's ghost, wielding a weapon of venom (lightly damaged)
The magic dart hits tehphobia's ghost.
Tehphobia's ghost is moderately damaged.
Casting: Magic Dart
Confirm with . or Enter, or press ? or * to list all spells.
Aiming: Magic Dart
Press: ? - help, Shift-Dir - straight line, f/p - tehphobia's ghost
Aim: tehphobia's ghost, wielding a weapon of venom (moderately damaged)
The magic dart hits tehphobia's ghost.
Tehphobia's ghost is heavily damaged.
Tehphobia's ghost gestures at you while chanting.
The magic dart hits you!
You closely miss tehphobia's ghost.
Tehphobia's ghost is heavily damaged.
Tehphobia's ghost points at you and mumbles some strange words.
The magic dart hits you!
You die...

#.# ######.## ####.########.# ..#
#.# #..........# #.# ### #.#
#.##.###.#.# #. # ##'## #.##.#
#.#.##### # ##.†.##
#.##.###.#.#.... ## ##.....##
#.##...#.#.#.### .## ##.......##
#.#..#.#.#.#.# #
..####.........###....#[#.#.#.###
.....'.........'@W...............
..####.........####...#.#####.###
.## ##.......## ##.##.# #.... ##
##.....## ###..# ##### # ##...##
#.## # ##'## #.# # #.# #.#
####.####### #.# ###
##..........# #.#


You could see tehphobia's ghost.

Vanquished Creatures
  An orc priest (D:3)
  10 adders
  A worm (D:3)
  3 giant geckos
  7 orcs (D:3)
  2 giant cockroaches
  5 goblins
  6 hobgoblins
  2 jackals (D:3)
  2 quokkas
  3 ball pythons
  7 bats
  2 giant newts (D:1)
  A jackal zombie (D:3)
  11 kobolds
  7 rats
70 creatures vanquished.

Notes
Turn   | Place    | Note
--------------------------------------------------------------
     0 | D:1      | tehphobia the Deep Elf Wizard began the quest for the Orb.
     0 | D:1      | Reached XP level 1. HP: 10/10 MP: 7/7
   236 | D:1      | Reached XP level 2. HP: 13/15 MP: 3/9
   688 | D:1      | Reached skill level 5 in Spellcasting
   976 | D:2      | Reached XP level 3. HP: 19/19 MP: 3/11
  1221 | D:2      | Found a bloodstained altar of Trog.
  1331 | D:2      | Found a basalt altar of Yredelemnul.
  1340 | D:2      | Found a radiant altar of Vehumet.
  1343 | D:2      | Found a glowing golden altar of the Shining One.
  1351 | D:2      | Became a worshipper of Vehumet
  1456 | D:2      | Reached XP level 4. HP: 20/24 MP: 9/13
  1703 | D:3      | Reached skill level 6 in Spellcasting
  1867 | D:3      | Found a shattered altar of Ashenzari.
  1904 | D:3      | Reached skill level 1 in Short Blades
  1904 | D:3      | Reached XP level 5. HP: 14/28 MP: 3/15
  2372 | D:3      | Reached * piety under Vehumet
  2372 | D:3      | Offered knowledge of Sandblast by Vehumet.
  2389 | D:3      | Learned a level 1 spell: Sandblast
  2629 | D:3      | Noticed tehphobia's ghost (amateur DEWz)
  2636 | D:3      | Killed from afar by tehphobia's ghost

Vault maps used:
D:1:      elethiomel_arrival_maze, grunt_decor_clamped
D:2:      old_standard_altar, minmay_overflow_temple_star_quad
D:3:      wad_river_or_something, overflow_temple_1_default

Action                   |  1- 3 |  4- 6 || total
-------------------------+-------+-------++-------
Melee: Short sword       |       |     2 ||     2
 Cast: Magic Dart        |    73 |    91 ||   164
       Sandblast         |       |     1 ||     1
  Use: Scroll            |     1 |       ||     1
       Potion            |       |     2 ||     2
  Eat: Chunk             |     1 |     4 ||     5
